Map: Deathaura LE

Players

Azure - Winner!

  • Race: Terran Terran
  • Spawn Location: 11:00

pezzaperry (Pezz)

  • Race: Protoss Protoss
  • League: Grandmaster
  • Spawn Location: 5:00

Event: DreamHack SC2 Masters 2020 Winter

VOD

Have the link to the VOD?

Description

Time

  • Played on: Oct. 11, 2020, 12:41 a.m.
  • Length: 11:24

All games in this series

Show
View Real Time Build Order
Export as new Build Order

Azure Terran - Winner!

Build Orders:  

Get SALT Encoding   

  12  0:00  SCV  
  13  0:12  SCV  
  14  0:17  Supply Depot  
  14  0:24  SCV  
  15  0:38  SCV  
  16  0:44  Barracks  
  16  0:46  Refinery  
  16  0:50  SCV  
  16  0:53  Refinery  
  17  1:02  SCV  
  18  1:15  SCV  
  19  1:30  Orbital Command  
  19  1:31  Marine  
  20  1:34  Factory  
  20  1:47  Supply Depot  
  20  1:50  Barracks Reactor  
  20  1:57  SCV  
  21  2:09  SCV  
  22  2:18  Supply Depot  
  22  2:21  SCV  
  23  2:32  Hellion x2  
  23  2:33  SCV  
  28  2:45  Starport  
  28  2:46  SCV  
  29  2:55  Widow Mine  
  29  2:56  Widow Mine  
  33  2:58  SCV  
  34  3:07  Marine  
  34  3:11  SCV  
  36  3:25  Marine  
  36  3:26  Widow Mine  
  37  3:32  Medivac  
  37  3:39  Armory  
  37  3:46  Widow Mine  
  39  3:52  Supply Depot  
  39  3:54  Barracks Tech Lab  
  39  3:58  Supply Depot  
  39  4:14  Medivac, SCV  
  39  4:16  Widow Mine x2  
  46  4:21  Marine  
  47  4:29  SCV  
  48  4:37  Widow Mine  
  48  4:38  Widow Mine  
  50  4:41  SCV  
  51  4:52  Command Center  
  49  4:53  SCV  
  49  4:58  Barracks  
  50  5:04  Widow Mine  
  50  5:05  Widow Mine, SCV  
  53  5:08  Marine  
  53  5:12  Supply Depot  
  54  5:17  SCV  
  55  5:24  Medivac  
  55  5:28  Widow Mine  
  55  5:31  Widow Mine  
  55  5:33  Marine, Stimpack  
  56  5:41  SCV  
  55  5:43  Barracks  
  55  5:45  Barracks Reactor  
  55  5:49  Engineering Bay  
  49  5:55  Widow Mine  
  49  5:56  Widow Mine  
  53  6:02  SCV, Marine  
  53  6:04  Medivac  
  53  6:20  Bunker, Marine  
  53  6:21  SCV  
  55  6:27  SCV  
  56  6:38  Widow Mine x2, Marine  
  61  6:41  SCV  
  61  6:46  Orbital Command  
  62  6:47  Marine x2  
  62  6:50  Starport Reactor  
  62  6:51  Barracks Tech Lab  
  64  6:56  Marauder  
  64  6:59  SCV  
  67  7:04  Supply Depot  
  67  7:05  Marine x2  
  67  7:06  Terran Infantry Weapons Level 1  
  69  7:09  Combat Shield  
  69  7:10  Supply Depot, Refinery  
  69  7:21  Marauder x2  
  73  7:23  Marine x2  
  73  7:25  SCV  
  73  7:29  SCV  
  77  7:32  Supply Depot  
  71  7:37  SCV  
  71  7:39  Widow Mine x2  
  71  7:41  Marine x2, SCV, Medivac  
  71  7:43  Medivac  
  81  7:49  SCV  
  81  7:50  Marauder x2  
  86  7:53  SCV  
  86  7:58  Supply Depot  
  87  7:59  Marine x2  
  87  8:02  Widow Mine, Refinery  
  91  8:07  SCV  
  91  8:09  SCV  
  91  8:11  Medivac  
  93  8:13  Medivac  
  93  8:18  Marine  
  93  8:19  Marauder x2, Marine, SCV  
  102  8:30  Widow Mine  
  104  8:34  Widow Mine  
  104  8:36  Marine x2  
  104  8:40  SCV  
  109  8:47  Marauder  
  109  8:48  Marauder  
  109  8:54  Marine x2  
  109  9:00  Command Center  
  109  9:06  SCV  
  110  9:18  Supply Depot  
  110  9:29  Widow Mine  
  110  9:39  Marine x3  
  110  9:40  Widow Mine, SCV, Marauder  
  118  9:49  SCV  
  118  9:52  SCV  
  117  9:56  Widow Mine  
  118  10:00  Marine  
  118  10:04  Marine  
  117  10:07  SCV  
  117  10:11  Barracks  
  117  10:12  Widow Mine, SCV, Marauder x2  
  129  10:14  Barracks  
  129  10:16  Orbital Command  
  129  10:18  Widow Mine, Marine  
  132  10:22  SCV  
  132  10:26  Marine, SCV  
  132  10:28  Viking  
  133  10:32  Supply Depot  
  133  10:35  Viking  
  133  10:54  Marauder x2, Widow Mine, Marine, SCV  
  133  10:56  SCV x2  
  141  11:02  Marine  
  138  11:06  SCV  
Show
View Real Time Build Order
Export as new Build Order

pezzaperry Protoss 

Build Orders: Phoenix Opening 

Get SALT Encoding   

  12  0:00  Probe  
  13  0:12  Probe  
  14  0:16  Pylon  
  14  0:24  Probe  
  15  0:34  Gateway  
  15  0:36  Probe (Chrono Boost)  
  16  0:46  Assimilator, Probe (Chrono Boost)  
  17  0:51  Probe (Chrono Boost)  
  18  1:03  Probe  
  19  1:15  Probe  
  20  1:21  Cybernetics Core  
  20  1:22  Zealot  
  20  1:23  Pylon  
  22  1:27  Probe  
  22  1:30  Assimilator  
  23  1:41  Probe  
  23  1:44  Pylon  
  25  1:56  Stalker (Chrono Boost)  
  26  2:09  Nexus  
  26  2:14  Warp Gate  
  26  2:16  Probe  
  26  2:24  Stalker  
  26  2:29  Probe  
  29  2:39  Stargate  
  29  3:04  Nexus  
  29  3:09  Stalker  
  29  3:10  Shield Battery  
  29  3:26  Probe  
  30  3:27  Phoenix (Chrono Boost)  
  28  3:38  Probe  
  31  3:53  Pylon  
  31  3:57  Probe  
  31  4:00  Pylon  
  30  4:09  Probe  
  31  4:11  Phoenix (Chrono Boost)  
  31  4:15  Robotics Facility  
  33  4:23  Probe  
  34  4:27  Probe  
  35  4:34  Phoenix (Chrono Boost)  
  35  4:35  Probe  
  38  4:39  Probe  
  40  4:57  Probe  
  43  5:00  Probe  
  43  5:03  Observer (Chrono Boost)  
  41  5:09  Probe  
  41  5:10  Phoenix  
  41  5:11  Observer  
  41  5:12  Probe  
  43  5:21  Probe  
  43  5:24  Probe (Chrono Boost)  
  43  5:33  Probe (Chrono Boost)  
  44  5:42  Probe (Chrono Boost)  
  45  5:43  Probe (Chrono Boost)  
  45  5:48  Probe x2 (Chrono Boost)  
  46  5:52  Robotics Bay  
  47  6:00  Probe (Chrono Boost)  
  47  6:04  Probe (Chrono Boost)  
  50  6:11  Probe (Chrono Boost)  
  50  6:15  Probe (Chrono Boost)  
  50  6:16  Probe (Chrono Boost)  
  52  6:24  Probe  
  51  6:26  Probe  
  52  6:34  Assimilator  
  52  6:35  Pylon  
  52  6:36  Assimilator, Probe  
  52  6:37  Gateway  
  52  6:38  Probe  
  52  6:39  Pylon  
  48  6:47  Phoenix (Chrono Boost)  
  48  6:48  Probe  
  48  6:51  Probe  
  48  6:53  Colossus (Chrono Boost)  
  52  6:56  Gateway  
  52  7:00  Probe  
  59  7:03  Probe  
  60  7:10  Forge  
  60  7:12  Stalker, Probe  
  60  7:14  Pylon  
  63  7:32  Gateway  
  63  7:34  Gateway, Observer (Chrono Boost)  
  64  7:39  Protoss Ground Weapons Level 1 (Chrono Boost)  
  64  7:44  Photon Cannon  
  64  7:47  Photon Cannon  
  64  7:49  Probe x2  
  66  7:51  Sentry x2  
  66  7:54  Colossus  
  76  8:02  Pylon  
  76  8:14  Nexus  
  76  8:21  Extended Thermal Lance, Twilight Council  
  76  8:33  Observer  
  76  8:35  Probe x2  
  76  8:51  Stalker x2  
  76  8:52  Stalker, Zealot x2  
  76  8:53  Colossus (Chrono Boost)  
  90  9:04  Observer  
  90  9:05  Probe x2  
  90  9:07  Charge (Chrono Boost)  
  90  9:13  Stalker  
  90  9:14  Stalker  
  94  9:22  Pylon  
  94  9:24  Pylon  
  94  9:26  Probe  
  94  9:30  Probe x2  
  97  9:35  Zealot x3  
  97  9:38  Probe  
  104  9:45  Stalker x2  
  98  10:02  Zealot x2  
  98  10:04  Probe x2  
  98  10:05  Probe  
  105  10:10  Observer (Chrono Boost)  
  104  10:15  Observer  
  104  10:16  Zealot x3  
  104  10:17  Probe x2  
  104  10:19  Gateway  
  112  10:22  Gateway  
  112  10:41  Warp Prism (Chrono Boost), Zealot x5  
  112  10:42  Observer  
  122  10:44  Templar Archives  
  112  11:05  Zealot x5  
Tags
 
Add a new tag
Caveats
  • Supply blocks, unpowered buildings, or Contaminate may cause inaccurate times.
  • Supply counts are checked every 10 seconds.